 Dungeon Crawl Stone Soup version 0.22-a0-782-g038298e (webtiles) character file.

175543 Gildeon the Brawler (level 17, -5/166 HPs)
             Began as a Troll Monk on July 18, 2018.
             Was the Champion of Qazlal.
             Slain by a redback (7 damage)
             ... on level 2 of the Spider Nest on July 21, 2018.
             The game lasted 02:07:56 (26990 turns).

Gildeon the Brawler (Troll Monk)                   Turns: 26990, Time: 02:07:56

Health: -5/166     AC: 17    Str: 22      XL:     17   Next: 22%
Magic:  0/21       EV: 19    Int:  6 (8)  God:    Qazlal [******]
Gold:   2072       SH:  8    Dex: 12      Spells: 13/26 levels left

rFire    . . .     SeeInvis +     - Unarmed
rCold    . . .     Gourm    +   (no shield)
rNeg     . . .     Faith    .   r - +3 troll leather armour
rPois    +         Spirit   .   v - +0 mask of the Dragon {MR+ Slay+3 SInv}
rElec    .         Reflect  .   C - +1 cloak {rPois}
rCorr    .         Harm     .   (gloves unavailable)
MR       ++...                  (boots unavailable)
Stlth    +.........             w - amulet of magic regeneration
HPRegen  1.17/turn              s - +5 ring of evasion
MPRegen  0.42/turn              A - ring of wizardry

@: protected from physical damage, repel missiles
A: large, unfitting armour, antennae 1, claws 3, deterioration 2, dopey 1, fast
metabolism 3, gourmand, low mp 1, regeneration 1, shaggy fur 1, tough skin 2,
weak 1
}: 1/15 runes: decaying
a: Upheaval, Elemental Force, Disaster Area, Renounce Religion


You were on level 2 of the Spider Nest.
You worshipped Qazlal.
Qazlal was exalted by your worship.
You were very full.

You visited 6 branches of the dungeon, and saw 31 of its levels.
You also visited: Ossuary and Ice Cave.

You collected 3406 gold pieces.
You spent 1334 gold pieces at shops.

Inventory:

Hand Weapons
 a - a +4 morningstar of freezing
Armour
 r - a +3 troll leather armour (worn)
 v - the +0 mask of the Dragon (worn) {MR+ Slay+3 SInv}
   (You bought it in a shop on level 9 of the Dungeon)

   It affects your accuracy and damage with ranged weapons and melee attacks
   (+3).
   It affects your resistance to hostile enchantments.
   It lets you see invisible.
 C - a +1 cloak of poison resistance (worn)
 E - the +0 hat "Pyseguetue" {rC- rCorr Dex+3 Slay+5}
   (You found it in an ice cave)

   It affects your dexterity (+3).
   It affects your accuracy and damage with ranged weapons and melee attacks
   (+5).
   It makes you vulnerable to cold.
   It provides partial protection from all sources of acid and corrosion.
Jewellery
 s - a +5 ring of evasion (left claw)
 w - an amulet of magic regeneration (around neck)
 y - an uncursed ring of fire
 A - a ring of wizardry (right claw)
 B - an uncursed ring of fire
 D - an uncursed ring of flight
 K - an uncursed ring of protection from cold
Wands
 c - a wand of paralysis (70)
 e - a wand of flame (44)
 f - a wand of iceblast (16)
 g - a wand of acid (23)
 j - a wand of polymorph (29)
 x - a wand of clouds (3)
 G - a wand of disintegration (9)
 J - a wand of random effects (79)
 L - a wand of digging (9)
Scrolls
 k - a scroll of fear
 l - 11 scrolls of identify
 m - 13 scrolls of remove curse
 u - 5 scrolls of teleportation
 I - 2 scrolls of blinking
Potions
 d - 7 potions of lignification
 i - 5 potions of cancellation
 o - 6 potions of magic
 p - 4 potions of might
 q - 8 potions of curing
 t - 2 potions of flight
 z - 2 potions of haste
 F - 3 potions of brilliance
 H - 2 potions of invisibility
Miscellaneous
 h - a box of beasts
Comestibles
 b - 46 rations


   Skills:
 - Level 10.0 Fighting
 - Level 5.0 Maces & Flails
 - Level 10.0 Armour
 - Level 10.0 Dodging
 - Level 1.0 Stealth
 + Level 17.4 Unarmed Combat
 - Level 5.0 Spellcasting
 - Level 2.0 Conjurations
 - Level 2.0 Translocations
 - Level 2.1 Transmutations
 - Level 2.0 Fire Magic
 - Level 2.0 Air Magic
 - Level 2.0 Poison Magic
 + Level 7.6 Invocations
 + Level 7.8 Evocations


You had 13 spell levels left.
You knew the following spells:

 Your Spells              Type           Power        Failure   Level  Hunger
a - Beastly Appendage     Tmut           #.....       6%          1    #......
b - Apportation           Tloc           #.....       6%          1    #......
c - Poisonous Vapours     Pois/Air       #.....       9%          2    ###....
d - Conjure Flame         Conj/Fire      #.......     17%         3    ###....
e - Mephitic Cloud        Conj/Pois/Air  #.......     17%         3    ###....
f - Ignite Poison         Fire/Tmut/Pois #.......     17%         3    ###....

Your spell library contained the following spells:

 Spells                   Type           Power        Failure   Level  Hunger
 Cause Fear               Hex            #.........   75%         4    #####..
 Freezing Cloud           Conj/Ice/Air   #.........   100%        6    #######
 Ring of Flames           Chrm/Fire      #.........   100%        7    #######
 Statue Form              Tmut/Erth      #........    100%        6    #######
 Ice Form                 Ice/Tmut       #.......     61%         4    #####..
 Deflect Missiles         Chrm/Air       #.........   100%        6    #######
 Silence                  Hex/Air        #.........   91%         5    ######.
 Alistair's Intoxication  Tmut/Pois      #.......     82%         5    ######.
 Discord                  Hex            #.........   100%        8    #######
 Yara's Violent Unravell  Hex/Tmut       #.........   91%         5    ######.


Dungeon Overview and Level Annotations

Branches:
Dungeon (15/15)            Temple (1/1) D:4            Lair (6/6) D:10
  Swamp (4/4) Lair:4       Spider (3/4) Lair:4        Slime (0/5) Lair:6
    Orc (2/2) D:10            Elf (0/3) Orc:2        Vaults (0/5) D:13
 Depths (0/5) D:15

Altars:
Ashenzari
Cheibriados
Dithmenos
Elyvilon
Fedhas
Gozag
Hepliaklqana
Kikubaaqudgha
Makhleb
Nemelex Xobeh
Okawaru
Qazlal
Ru
Sif Muna
Trog
Uskayaw
Vehumet
Wu Jian
Xom
Yredelemnul
Zin
The Shining One
Beogh
Jiyva

Shops:
D:9 [   Orc:1 ?   Orc:2 *%}(

Portals:
Pandemonium: Orc:2

Annotations:
Swamp:2 3 runed doors, Xiecuja's ghost, adept VSAs


Innate Abilities, Weirdness & Mutations

You are too large for most types of armour.
You have claws for hands.
Your metabolism is lightning-fast.
You like to eat raw meat.
Your natural rate of healing is unusually fast.
You are covered in fur. (AC +1)
You have very tough skin. (AC +2)
You have a pair of small antennae on your head.
Your body often deteriorates upon taking damage.
You are dopey. (Int -2)
Your magical capacity is low. (-10% MP)
You are weak. (Str -2)


Message History

* * * LOW HITPOINT WARNING * * *
You feel more protected from physical attacks.
The wolf spider barely misses you. You block the redback's attack.
The redback bites you but does no damage.
The ghost moth stares at you.
You feel your power leaking away. The ghost moth closely misses you.
The ghost moth completely misses you. The ghost moth closely misses you.
The wolf spider is engulfed in blazing flames.
The wolf spider hits you!
* * * LOW HITPOINT WARNING * * *
You feel more protected from physical attacks.
The wolf spider misses you.
The wolf spider hits you but does no damage.
The wolf spider bites you!
* * * LOW HITPOINT WARNING * * *
You feel magically purged. The redback bites you.
* * * LOW HITPOINT WARNING * * *
The redback bites you!
You die...

#.#..#..#..#.#...
##.#...##..##?.##
###
##.#.####......#
##.##### ##..#
##.^#..# #...##.#
#..# ##.#.#.
#..#...# ##..#
##....
#.#^##.####..##
##...
#...#..s##..##
#.#.
##^.#.§y@#..#
#... #.#..#sss.##
##.# #....###..##
### #...## ####
#####


You could see a ghost moth (invisible), 2 wolf spiders and 2 redbacks.

Vanquished Creatures
  Nikola (Spider:2)
  Arachne (Spider:1)
  A thorn hunter (Swamp:1)
  Roxanne (D:15)
  Donald (Swamp:2)
  A frost giant (IceCv)
  A ghost moth (Spider:1)
  3 entropy weavers (Spider:1)
  An ettin (D:15)
  An ogre mage (D:15)
  Josephine (Orc:2)
  22 hydras
  2 ghost crabs
  2 catoblepae
  12 alligators
  A queen ant (Spider:1)
  4 centaur warriors
  6 two-headed ogres
  2 tengu warriors
  4 orc high priests (Orc:2)
  3 spriggan berserkers (Swamp:4)
  Nergalle (Lair:1)
  A skeletal warrior (D:13)
  11 swamp dragons
  2 unseen horrors
  A spriggan druid (Swamp:4)
  A deep elf archer (D:13)
  Pikel (D:8)
  A shambling mangrove (Swamp:2)
  3 torturous demonspawn (Orc:2)
  7 orc knights
  A wolf spider zombie (D:15)
  5 orb spiders (Spider:2)
  2 ugly things (D:12)
  12 wolf spiders
  3 deep elf magi (D:13)
  3 manticores
  2 cyclopes
  8 orc sorcerers
  A rust devil (Orc:2)
  An ice statue (IceCv)
  4 elephants (Lair:4)
  9 black mambas
  A guardian serpent (Lair:6)
  3 centaur skeletons
  20 spiny frogs
  3 torpor snails
  A kobold demonologist (D:11)
  A rime drake (Lair:4)
  6 demonic crawlers
  7 komodo dragons
  An ice devil (Orc:2)
  A red devil (Orc:2)
  2 tengu conjurers
  9 jumping spiders
  3 tyrant leeches
  28 polar bears
  4 trolls
  9 hornets
  3 hippogriffs
  5 slime creatures
  5 blink frogs (Lair:6)
  A raiju (Lair:6)
  5 dream sheep (Lair:6)
  12 bog bodies
  A meliai zombie (D:15)
  20 tarantellas
  22 redbacks
  5 wraiths
  2 spriggans
  A water elemental (D:12)
  12 wyverns
  35 yaks
  A basilisk (D:15)
  A steam dragon (Lair:2)
  Grum (D:11)
  16 vampire mosquitoes
  A hungry ghost (D:8)
  7 wargs
  5 insubstantial wisps (Swamp:3)
  6 soldier ants
  20 swamp worms
  14 hell hounds (Lair:6)
  17 water moccasins
  4 porcupines
  15 swamp drakes
  38 orc warriors
  14 black bears
  2 ice beasts
  6 sky beasts
  2 eyes of draining
  11 ogres
  A slave (D:8)
  6 necrophages (Swamp:4)
  28 wolves
  10 crocodiles
  13 centaurs
  A big kobold (D:12)
  18 bullfrogs
  5 scorpions
  3 wights (D:12)
  8 howler monkeys
  3 electric eels
  7 crimson imps
  2 bullfrog zombies
  7 centaur zombies
  6 hounds
  27 orc priests
  A quasit (D:7)
  5 bullfrog skeletons
  Ijyb (D:5)
  5 iguanas
  25 orc wizards
  22 worker ants
  A killer bee zombie (D:8)
  A big kobold zombie (Ossuary)
  A hound skeleton (D:5)
  8 mummies (Ossuary)
  2 worker ant zombies
  15 adders
  4 shadow imps
  12 white imps (Lair:4)
  4 worms
  3 dart slugs
  3 leopard geckos
  112 orcs
  A ball python (D:3)
  5 bats
  5 giant cockroaches
  A gnoll zombie (Ossuary)
  4 goblins
  4 hobgoblins
  8 jackals
  5 quokkas
  6 frilled lizards
  3 hobgoblin zombies (Ossuary)
  14 kobolds
  A kobold zombie (Ossuary)
  A leopard gecko skeleton (D:4)
  2 orc zombies (Ossuary)
  9 rats
  2 briar patches (Swamp:1)
1001 creatures vanquished.

Vanquished Creatures (collateral kills)
  A komodo dragon (Lair:6)
  2 water moccasins (Lair:6)
3 creatures vanquished.

Vanquished Creatures (others)
  An alligator (Swamp:3)
  A spriggan druid (Swamp:4)
  A hornet (Swamp:4)
  A spriggan (Swamp:4)
  A quokka (D:12)
  2 briar patches (Swamp:1)
  15 fungi
  26 plants
48 creatures vanquished.

Grand Total: 1052 creatures vanquished

Notes
Turn   | Place    | Note
-------+----------+-------------------------------------------
     0 | D:1      | Gildeon the Troll Monk began the quest for the Orb.
     0 | D:1      | Reached XP level 1. HP: 22/22 MP: 0/0
   270 | D:1      | Reached XP level 2. HP: 29/29 MP: 1/1
   728 | D:2      | Reached XP level 3. HP: 30/36 MP: 2/2
  1184 | D:3      | Reached XP level 4. HP: 39/45 MP: 3/3
  1554 | D:3      | Reached skill level 4 in Unarmed Combat
  1639 | D:3      | Found an opulent altar of Gozag.
  2001 | D:4      | Found a blossoming altar of Fedhas.
  2051 | D:4      | Reached XP level 5. HP: 53/53 MP: 4/4
  2164 | D:4      | Found a staircase to the Ecumenical Temple.
  2202 | Temple   | Entered the Ecumenical Temple
  2387 | Temple   | Became a worshipper of Qazlal Stormbringer
  2387 | Temple   | Reached * piety under Qazlal
  2387 | Temple   | Reached ** piety under Qazlal
  2405 | D:4      | Reached XP level 6. HP: 23/62 MP: 5/5
  2592 | D:5      | Entered Level 5 of the Dungeon
  2668 | D:5      | Reached skill level 5 in Unarmed Combat
  2687 | D:5      | Found a sand-covered staircase.
  2692 | Ossuary  | Entered an ossuary
  2741 | Ossuary  | Reached XP level 7. HP: 64/71 MP: 6/6
  3022 | D:5      | Reached *** piety under Qazlal
  3074 | D:5      | Noticed Ijyb
  3080 | D:5      | Killed Ijyb
  3562 | D:6      | Reached skill level 5 in Fighting
  3562 | D:6      | Reached skill level 6 in Unarmed Combat
  3610 | D:6      | Reached skill level 5 in Dodging
  3610 | D:6      | Reached XP level 8. HP: 52/80 MP: 7/7
  3619 | D:6      | Reached skill level 1 in Armour
  3902 | D:6      | Gained mutation: Your magical capacity is low. (-10% MP) [potion of mutation]
  3902 | D:6      | Gained mutation: You are robust. (+10% HP) [potion of mutation]
  3902 | D:6      | Gained mutation: You are dopey. (Int -2) [potion of mutation]
  3902 | D:6      | Gained mutation: You have a pair of small antennae on your head. [potion of mutation]
  4312 | D:7      | Reached skill level 1 in Evocations
  4498 | D:7      | Reached skill level 7 in Unarmed Combat
  5535 | D:8      | Reached **** piety under Qazlal
  5568 | D:8      | Reached XP level 9. HP: 91/96 MP: 8/8
  5607 | D:8      | Noticed Pikel
  5621 | D:8      | Killed Pikel
  5649 | D:8      | Found a burning altar of Makhleb.
  5741 | D:8      | Reached skill level 8 in Unarmed Combat
  6344 | D:9      | Found Fupeump's Armour Emporium.
  6366 | D:9      | Reached skill level 5 in Armour
  6395 | D:9      | Bought the +0 mask of the Dragon {MR+ Slay+3 SInv} for 400 gold pieces
  6395 | D:9      | Found the +0 mask of the Dragon {MR+ Slay+3 SInv}
  6395 | D:9      | Bought a +1 cloak for 138 gold pieces
  6415 | D:9      | Noticed a two-headed ogre
  6434 | D:9      | Killed a two-headed ogre
  6434 | D:9      | Reached skill level 9 in Unarmed Combat
  6434 | D:9      | Reached skill level 1 in Invocations
  6434 | D:9      | Reached XP level 10. HP: 68/105 MP: 11/11
  6537 | D:9      | Reached ***** piety under Qazlal
  6545 | D:9      | Found a roughly hewn altar of Beogh.
  6655 | D:9      | Reached skill level 5 in Evocations
  7038 | D:9      | Bought a +1 troll leather armour for 264 gold pieces
  7081 | D:10     | Entered Level 10 of the Dungeon
  7105 | D:10     | Found a staircase to the Lair.
  7171 | D:10     | Reached skill level 1 in Spellcasting
  7205 | D:10     | Noticed a two-headed ogre
  7217 | D:10     | Killed a two-headed ogre
  7217 | D:10     | Reached skill level 10 in Unarmed Combat
  7443 | D:10     | Noticed a cyclops
  7450 | D:10     | Killed a cyclops
  7782 | D:10     | Found a staircase to the Orcish Mines.
  7877 | Lair:1   | Entered Level 1 of the Lair of Beasts
  7915 | Lair:1   | Noticed a spiny frog
  7923 | Lair:1   | Killed a spiny frog
  7923 | Lair:1   | Reached XP level 11. HP: 86/112 MP: 12/12
  7979 | Lair:1   | Reached skill level 1 in Maces & Flails
  7987 | Lair:1   | Reached skill level 5 in Invocations
  8080 | Lair:1   | Noticed Nergalle
  8091 | Lair:1   | Killed Nergalle
  8197 | Lair:1   | Found a basalt altar of Yredelemnul.
  8582 | Lair:2   | Noticed a four-headed hydra
  8585 | Lair:2   | Noticed a catoblepas
  8598 | Lair:2   | Killed a four-headed hydra
  8604 | Lair:2   | Killed a catoblepas
  8681 | Lair:2   | Reached skill level 11 in Unarmed Combat
 10030 | Lair:3   | Learned a level 2 spell: Poisonous Vapours
 10034 | Lair:3   | Learned a level 3 spell: Conjure Flame
 10038 | Lair:3   | Learned a level 3 spell: Mephitic Cloud
 10558 | Lair:4   | Reached XP level 12. HP: 126/126 MP: 15/15
 10667 | Lair:4   | Found a hole to the Spider Nest.
 10668 | Lair:4   | Found a frozen archway.
 10699 | IceCv    | Entered an ice cave
 10720 | IceCv    | Reached skill level 5 in Maces & Flails
 10855 | IceCv    | Reached ****** piety under Qazlal
 10909 | IceCv    | Noticed a frost giant
 10925 | IceCv    | HP: 4/129 [frost giant/battleaxe of freezing (7)]
 10931 | IceCv    | Killed a frost giant
 10931 | IceCv    | Reached skill level 12 in Unarmed Combat
 11033 | IceCv    | Reached skill level 5 in Spellcasting
 11067 | IceCv    | Reached skill level 1 in Poison Magic
 11223 | IceCv    | Got a crude hat
 11327 | Lair:4   | Identified the +0 hat "Pyseguetue" {rC- rCorr Dex+3 Slay+5} (You found it in an ice cave)
 11389 | Lair:4   | Found a staircase to the Swamp.
 11951 | Lair:5   | Noticed a seven-headed hydra
 11963 | Lair:5   | Killed a seven-headed hydra
 11996 | Lair:5   | Reached skill level 1 in Air Magic
 12275 | Lair:5   | Noticed a six-headed hydra
 12284 | Lair:5   | Killed a six-headed hydra
 12574 | Lair:6   | Entered Level 6 of the Lair of Beasts
 12588 | Lair:6   | Reached XP level 13. HP: 125/139 MP: 17/17
 12746 | Lair:6   | Reached skill level 1 in Fire Magic
 12794 | Lair:6   | Found a viscous altar of Jiyva.
 12795 | Lair:6   | Found a staircase to the Slime Pits.
 12800 | Lair:6   | Reached skill level 13 in Unarmed Combat
 13152 | Lair:6   | Reached skill level 1 in Conjurations
 14445 | Orc:1    | Entered Level 1 of the Orcish Mines
 14505 | D:10     | Reached XP level 14. HP: 120/155 MP: 18/18
 14631 | D:10     | Reached skill level 14 in Unarmed Combat
 15005 | Orc:2    | Entered Level 2 of the Orcish Mines
 15039 | Orc:2    | Noticed Josephine
 15047 | Orc:2    | Killed Josephine
 15054 | Orc:2    | Reached skill level 10 in Fighting
 15225 | Orc:1    | Found Kena's Magic Scroll Shop.
 15259 | Orc:1    | Bought a scroll of identify for 26 gold pieces
 15259 | Orc:1    | Bought a scroll of magic mapping for 45 gold pieces
 15259 | Orc:1    | Bought a scroll of brand weapon for 260 gold pieces
 15259 | Orc:1    | Bought 2 scrolls of identify for 52 gold pieces
 15259 | Orc:1    | Bought a scroll of identify for 26 gold pieces
 15259 | Orc:1    | Bought a scroll of identify for 26 gold pieces
 15282 | Orc:1    | Found a radiant altar of Vehumet.
 15389 | Orc:2    | Found a deep blue altar of Sif Muna.
 15442 | Orc:2    | Identified Sif Muna's Grimoire of the Compass
 15660 | Orc:2    | Found a staircase to the Elven Halls.
 15745 | Orc:2    | Found Cafriaku's General Store.
 15918 | Orc:2    | Found Vaikeasu's Food Shoppe.
 15941 | Orc:2    | Bought a scroll of enchant armour for 97 gold pieces
 16222 | Orc:2    | Gained mutation: Your body sometimes deteriorates upon taking damage. [a neqoxec]
 16228 | Orc:2    | Gained mutation: You occasionally shout uncontrollably at your foes. [a neqoxec]
 16324 | Orc:2    | Found Mosunty's Gadget Shop.
 16324 | Orc:2    | Found a one-way gate leading to the halls of Pandemonium.
 16324 | Orc:2    | Found Woeppaas's Antique Weapon Boutique.
 16678 | D:11     | Noticed Grum
 16685 | D:11     | Killed Grum
 18055 | D:12     | Learned a level 1 spell: Apportation
 18302 | D:13     | Reached skill level 15 in Unarmed Combat
 18390 | D:13     | Reached skill level 1 in Translocations
 18473 | D:13     | Reached XP level 15. HP: 146/163 MP: 19/19
 18687 | D:13     | Found a gate to the Vaults.
 19479 | D:15     | Entered Level 15 of the Dungeon
 19627 | D:15     | Found a staircase to the Depths.
 19693 | D:15     | Noticed Roxanne
 19715 | D:15     | Killed Roxanne
 19716 | D:15     | Identified Roxanne's Almanac of Transmutation (You took it off Roxanne on level 15 of the Dungeon)
 19720 | D:15     | Learned a level 1 spell: Beastly Appendage
 19724 | D:15     | Learned a level 3 spell: Ignite Poison
 20052 | D:15     | Found a shadowy altar of Dithmenos.
 20457 | Swamp:1  | Entered Level 1 of the Swamp
 20484 | Lair:4   | Reached skill level 1 in Transmutations
 20581 | Swamp:1  | Noticed a thorn hunter
 20616 | Swamp:1  | Killed a thorn hunter
 21274 | Swamp:2  | Noticed Donald
 21285 | Swamp:2  | Killed Donald
 21603 | Swamp:2  | Found a runed gate.
 21603 | Swamp:2  | Found a runed gate.
 21603 | Swamp:2  | Found a runed gate.
 21608 | Swamp:2  | Noticed Xiecuja's ghost (adept VSAs)
 22067 | Swamp:3  | Reached skill level 16 in Unarmed Combat
 22553 | Swamp:3  | Reached skill level 10 in Dodging
 22553 | Swamp:3  | Reached XP level 16. HP: 137/173 MP: 20/20
 22609 | Swamp:4  | Entered Level 4 of the Swamp
 24041 | Swamp:4  | Reached skill level 10 in Armour
 24452 | Swamp:4  | Got a decaying rune of Zot
 24735 | Spider:1 | Entered Level 1 of the Spider Nest
 25063 | Spider:1 | HP: 4/173 [entropy weaver (12)]
 25065 | Spider:1 | Reached skill level 17 in Unarmed Combat
 25269 | Spider:1 | Lost mutation: You have a pair of small antennae on your head. [potion of mutation]
 25269 | Spider:1 | Lost mutation: You occasionally shout uncontrollably at your foes. [potion of mutation]
 25269 | Spider:1 | Gained mutation: Your body often deteriorates upon taking damage. [potion of mutation]
 25269 | Spider:1 | Gained mutation: You are weak. (Str -2) [potion of mutation]
 25269 | Spider:1 | Lost mutation: You are robust. (+10% HP) [potion of mutation]
 25269 | Spider:1 | Gained mutation: You have a pair of small antennae on your head. [potion of mutation]
 26159 | Spider:2 | Upgraded the game from 0.22-a0-776-ge6d7efa to 0.22-a0-782-g038298e
 26209 | Spider:2 | Reached XP level 17. HP: 166/166 MP: 21/21
 26255 | Spider:2 | Noticed Arachne
 26439 | Spider:1 | Killed Arachne
 26520 | Spider:2 | Noticed Nikola
 26544 | Spider:2 | Killed Nikola
 26989 | Spider:2 | HP: 2/166 [wolf spider (9)]
 26990 | Spider:2 | Slain by a redback

Vault maps used:
D:1:      shiori_arrival_maze
D:3:      lemuel_round_altar, first_ration, amethyst_killhole
D:4:      minmay_temple_entry_overgrown, fedhas_altar_2
D:5:      enter_ossuary_2, uniq_ijyb
D:8:      lemuel_doored_altar, grunt_ogre_cave, hex_medium,
          nicolae_water_bricks, kennysheep_generic_room_10, uniq_pikel
D:9:      serial_shops, nicolae_shop_stone
D:10:     david_lair_shrubbed, hiddenorc1_lemuel
D:11:     st_stairs_5, uniq_grum
D:12:     serial_bayou, serial_bayou_pond_e, serial_bayou_lagoon_a,
          serial_bayou_shore_a, serial_bayou_ford_a
D:13:     hangedman_vaults_entry_quadrant_bands
D:14:     minmay_crystal_room, kennysheep_dice
D:15:     hangedman_depths_entry_civil_slaughter,
          nicolae_dithmenos_the_darkroom, grunt_ministairs_6, uniq_roxanne
Temple:   regret_index_temple_chain_breaker
Lair:1:   basic_altar, serial_bayou_shore_b, grunt_megastairs_5, uniq_nergalle
Lair:2:   minmay_hedge_maze, grunt_megastairs_4
Lair:3:   beast_lair_carwin_large_2, serial_forest,
          infiniplex_forest_lined_corner, infiniplex_forest_end_double,
          infiniplex_forest_lined_2, infiniplex_forest_lined_corner,
          serial_bayou_lagoon_b
Lair:4:   swamp_mist_pool, nicolae_spider_entry_non_spiders,
          portal_ice_cave_entry_imps
Lair:6:   hangedman_lair_caniforms_friends, hangedman_lair_tendril_chambers,
          slime_altar_1
Swamp:1:  evilmike_swamp_ruin_rubble_1
Swamp:2:  gammafunk_ghost_split, evilmike_swamp_ruin_house_4, uniq_donald
Swamp:3:  evilmike_swamp_ruin_wall
Swamp:4:  swamp_basic_johnstein, swamp_pool3, roderic_carrion_pond
Spider:1: minmay_another_anthill
Spider:2: hangedman_spider_tarantella_strand, uniq_nikola, uniq_arachne
Spider:3: uniq_kirke, uniq_mara
Orc:1:    serial_shops, shop, basic_altar
Orc:2:    pf_orc_diabolical, led_sif_book, uniq_josephine
Ossuary:  ossuary_tomb_3
IceCv:    ice_cave_small_giant

Skill      XL: |  1  2  3  4  5  6  7  8  9 10 11 12 13 14 15 16 17 |
---------------+----------------------------------------------------+-----
Fighting       | 3 4 5 6 8 9 10 | 10.0
Dodging        | 3 4 5 6 8 10 | 10.0
Unarmed Combat | 4 5 6 7 9 10 11 12 13 15 16 17 | 17.4
Armour         | 3 5 7 9 10 | 10.0
Evocations     | 2 4 5 7 |  7.8
Invocations    | 1 4 5 6 7 |  7.6
Spellcasting   | 2 4 5 |  5.0
Maces & Flails | 4 5 |  5.0
Poison Magic   | 2 |  2.0
Air Magic      | 1 2 |  2.0
Fire Magic     | 2 |  2.0
Conjurations   | 2 |  2.0
Translocations | 1 2 |  2.0
Transmutations | 2 |  2.1
Stealth        | |  1.0

Action                   |  1- 3 |  4- 6 |  7- 9 | 10-12 | 13-15 | 16-18 || total
-------------------------+-------+-------+-------+-------+-------+-------++-------
Melee: Unarmed           |    90 |   131 |   276 |   556 |  1301 |   512 ||  2866
       Punch             |     1 |     4 |     3 |    30 |   111 |    50 ||   199
       Morningstar       |       |       |       |    31 |    28 |    64 ||   123
       Kick              |       |       |       |       |    19 |    24 ||    43
 Cast: Apportation       |       |       |       |       |     6 |     1 ||     7
       Beastly Appendage |       |       |       |       |     9 |    15 ||    24
Invok: Upheaval          |       |       |       |       |     7 |     2 ||     9
Evoke: Box of beasts     |       |       |       |       |     1 |       ||     1
       Wand              |       |       |       |       |       |     6 ||     6
  Use: Scroll            |     3 |    10 |    11 |    18 |    14 |     8 ||    64
       Potion            |       |       |     1 |     9 |     6 |    15 ||    31
 Stab: Sleeping          |     3 |       |       |       |       |       ||     3
       Petrified         |       |       |       |     5 |     1 |       ||     6
       Petrifying        |       |       |       |     1 |       |       ||     1
       Paralysed         |       |       |       |       |       |     2 ||     2
       Confused          |       |       |       |       |       |     1 ||     1
  Eat: Chunk             |    16 |    14 |    36 |    48 |   101 |    41 ||   256
Armor: Robe              |    34 |    25 |    42 |     9 |       |       ||   110
       Troll leather arm |       |       |       |   140 |   295 |   257 ||   692
       Skin              |       |       |       |    58 |       |       ||    58
Dodge: Dodged            |    56 |    73 |   189 |   407 |   970 |   632 ||  2327
       Deflected         |       |       |       |     5 |    40 |    18 ||    63
Block: Other             |       |     9 |    52 |   181 |   521 |   297 ||  1060

Table legend:
 A = Spawn XP
 B = Non-spawn XP
 C = Spawn XP percentage of total XP
 D = Spawn monster count
 E = Non-spawn monster count
 F = Spawn count percentage of total count
 G = Total turns spent on level
                    A         B        C        D         E        F      G
               +---------+---------+-------+---------+---------+-------+---------
         Total |       0 |  232205 |   0.0 |       0 |    1003 |   0.0 | 26990
               +---------+---------+-------+---------+---------+-------+---------
           D:1 |       0 |      34 |   0.0 |       0 |      20 |   0.0 |   609
           D:2 |       0 |      41 |   0.0 |       0 |       9 |   0.0 |   509
           D:3 |       0 |     113 |   0.0 |       0 |      22 |   0.0 |   837
           D:4 |       0 |     327 |   0.0 |       0 |      13 |   0.0 |   446
           D:5 |       0 |     431 |   0.0 |       0 |      20 |   0.0 |   587
           D:6 |       0 |     759 |   0.0 |       0 |      18 |   0.0 |   880
           D:7 |       0 |     737 |   0.0 |       0 |      16 |   0.0 |  1194
           D:8 |       0 |    1928 |   0.0 |       0 |      16 |   0.0 |   810
           D:9 |       0 |    2875 |   0.0 |       0 |      40 |   0.0 |   771
          D:10 |       0 |    5838 |   0.0 |       0 |      60 |   0.0 |  1165
          D:11 |       0 |    1619 |   0.0 |       0 |      21 |   0.0 |   645
          D:12 |       0 |    9096 |   0.0 |       0 |      47 |   0.0 |  1079
          D:13 |       0 |   12442 |   0.0 |       0 |      42 |   0.0 |   547
          D:14 |       0 |    3786 |   0.0 |       0 |      21 |   0.0 |   628
          D:15 |       0 |   13273 |   0.0 |       0 |      25 |   0.0 |   798
        Lair:1 |       0 |    2885 |   0.0 |       0 |       9 |   0.0 |   735
        Lair:2 |       0 |    4762 |   0.0 |       0 |      18 |   0.0 |  1095
        Lair:3 |       0 |    2661 |   0.0 |       0 |      11 |   0.0 |   811
        Lair:4 |       0 |    5162 |   0.0 |       0 |      35 |   0.0 |   923
        Lair:5 |       0 |    3598 |   0.0 |       0 |      10 |   0.0 |   891
        Lair:6 |       0 |   26389 |   0.0 |       0 |     119 |   0.0 |  1684
       Swamp:1 |       0 |    8264 |   0.0 |       0 |      19 |   0.0 |   822
       Swamp:2 |       0 |    8986 |   0.0 |       0 |      19 |   0.0 |   772
       Swamp:3 |       0 |    8953 |   0.0 |       0 |      23 |   0.0 |   983
       Swamp:4 |       0 |   37550 |   0.0 |       0 |      82 |   0.0 |  1699
      Spider:1 |       0 |   21200 |   0.0 |       0 |      56 |   0.0 |  1182
      Spider:2 |       0 |   17894 |   0.0 |       0 |      45 |   0.0 |   856
      Spider:3 |       0 |     646 |   0.0 |       0 |       3 |   0.0 |    13
         Orc:1 |       0 |    1076 |   0.0 |       0 |      24 |   0.0 |   522
         Orc:2 |       0 |   19053 |   0.0 |       0 |      88 |   0.0 |  1432
       Ossuary |       0 |     178 |   0.0 |       0 |      16 |   0.0 |   247
         IceCv |       0 |    9649 |   0.0 |       0 |      36 |   0.0 |   627
               +---------+---------+-------+---------+---------+-------+---------
